 Dungeon Sprint DCSS version 0.22-a0-348-gd16d139 (webtiles) character file.

9497 emperorscorpion the Markscentaur (level 11, 0/104 HPs)
             Began as a Centaur Hunter on Apr 10, 2018.
             Was the Champion of Trog.
             Slain by a sixfirhy (11 damage)
             ... summoned by an orc high priest
             ... in the Dungeon (Sprint IX: "|||||||||||||||||||||||||||||").
             The game lasted 00:09:22 (1091 turns).

emperorscorpion the Markscentaur (Centaur Hunter)   Turns: 1091, Time: 00:09:23

Health: 0/104      AC: 10    Str: 19    XL:     11   Next: 23%
Magic:  16/16      EV: 14    Int: 11    God:    Trog [******]
Gold:   658        SH:  0    Dex: 11    Spells: 10/10 levels left

rFire    . . .     SeeInvis .   b - +3 longbow (flame)
rCold    . . .     Gourm    .   (shield currently unavailable)
rNeg     . . .     Faith    .   v - +0 troll leather armour
rPois    .         Spirit   .   q - +0 helmet
rElec    .         Reflect  .   r - +0 cloak
rCorr    .         Harm     .   E - +0 pair of gloves
MR       ++...     NoTele   +   (no barding)
Stlth    +.........             (no amulet)
HPRegen  1.67/turn              t - +3 ring of strength
MPRegen  0.15/turn              u - +2 ring of evasion

@: very slightly contaminated, regenerating, very quick
A: large, hooves 3, deformed body, speed 2, tough skin 3
a: Berserk, Trog's Hand, Brothers in Arms, Renounce Religion


You were in the Dungeon.
You worshipped Trog.
Trog was exalted by your worship.
You were not hungry.

You visited 1 branch You collected 658 gold pieces.

Inventory:

Hand Weapons
 a - a +2 rapier of venom
 b - a +3 longbow of flaming (weapon)
 p - a +0 short sword
 F - a +1 shortbow
 G - a +4 shortbow of flaming
Missiles
 d - 117 arrows (quivered)
Armour
 c - a +0 leather armour
 q - a +0 helmet (worn)
 r - a +0 cloak (worn)
 s - a +0 plate armour
 v - a +0 troll leather armour (worn)
 E - a +0 pair of gloves (worn)
Magical Staves
 o - an uncursed staff of energy
Jewellery
 t - a +3 ring of strength (left hand)
 u - a +2 ring of evasion (right hand)
Wands
 n - a wand of iceblast (6)
Scrolls
 k - 2 scrolls of blinking
 m - 3 scrolls of remove curse
 z - a scroll of identify
 A - 2 scrolls of fog
 B - a scroll of fear
 C - 2 scrolls of enchant weapon
Potions
 e - 5 potions of curing
 g - 5 potions of heal wounds
 h - 2 potions of haste
 i - 4 potions of magic
 j - a potion of invisibility
 l - a potion of mutation
 w - 2 potions of might
 x - a potion of brilliance
Miscellaneous
 y - a lightning rod (1/4)
Comestibles
 f - 11 rations
 D - 11 chunks of flesh


   Skills:
 + Level 12.0 Fighting
 + Level 13.6 Short Blades
 - Level 17.6 Bows
 + Level 6.4 Armour
 + Level 7.0 Dodging
 + Level 2.3 Stealth
 + Level 7.1 Evocations


You had 10 spell levels left.
You didn't know any spells.

Dungeon Overview and Level Annotations

Branches:
Dungeon (1/1)

Altars:
Cheibriados
Dithmenos
Elyvilon
Fedhas
Gozag
Hepliaklqana
Kikubaaqudgha
Makhleb
Nemelex Xobeh
Okawaru
Qazlal
Ru
Sif Muna
Trog
Uskayaw
Vehumet
Wu Jian
Xom
Yredelemnul
Zin
The Shining One
Beogh
Jiyva
Lugonu


Innate Abilities, Weirdness & Mutations

You have hooves in place of feet.
Armour fits poorly on your strangely shaped body.
You cover ground very quickly.
You have extremely tough skin. (AC +3)


Message History

Firing (i - inventory)
d - 119 arrows (quivered)
Press: ? - help, Shift-Dir - straight line, f/p - sixfirhy
Aim: a sixfirhy (almost dead, summoned)
You shoot an arrow. The arrow closely misses the sixfirhy.
The sixfirhy barely misses you. x2; The sixfirhy hits you.
* * * LOW HITPOINT WARNING * * *
The sixfirhy shocks you!
* * * LOW HITPOINT WARNING * * *
The sixfirhy misses you.
Unknown command.
Firing (i - inventory)
d - 118 arrows (quivered)
Press: ? - help, Shift-Dir - straight line, f/p - sixfirhy
Aim: a sixfirhy (almost dead, summoned)
You shoot an arrow. The arrow barely misses the sixfirhy.
The arrow hits the neqoxec.
The arrow burns the neqoxec.
You kill the neqoxec!
The sixfirhy hits you!
* * * LOW HITPOINT WARNING * * *
The sixfirhy shocks you!
You die...

..).....†.....'__________________
▓▓▓▓▓▓▓▓▓▓▓▓▓▓▓▓▓▓▓▓▓▓▓▓▓▓▓▓▓▓▓▓▓
.................................
▓▓▓▓▓▓▓▓▓▓▓▓▓▓▓▓▓▓▓▓▓▓▓▓▓▓▓▓▓▓▓▓▓
.....'.....).......'.†††.....'.†.
▓▓▓▓▓▓▓▓▓▓▓▓▓▓▓▓▓▓▓▓▓▓▓▓▓▓▓▓▓▓▓▓▓
..........)......................
▓▓▓▓▓▓▓▓▓▓▓▓▓▓▓▓▓▓▓▓▓▓▓▓▓▓▓▓▓▓▓▓▓
.....).)..())).)@3(.)..())3553ooo
▓▓▓▓▓▓▓▓▓▓▓▓▓▓▓▓▓▓▓▓▓▓▓▓▓▓▓▓▓▓▓▓▓


You could see a sixfirhy.

Vanquished Creatures
  A stone giant (D)
  Erolcha (D)
  A hydra (D)
  An orc high priest (D)
  An unseen horror (D)
  An orc knight (D)
  An orc sorcerer (D)
  A spiny frog (D)
  A black mamba (D)
  2 rime drakes (D)
  A komodo dragon (D)
  2 trolls (D)
  A polar bear (D)
  A hippogriff (D)
  A slime creature (D)
  2 wraiths (D)
  2 yaks (D)
  A warg (D)
  3 hell hounds (D)
  6 porcupines (D)
  A sky beast (D)
  2 orc warriors (D)
  An ice beast (D)
  5 wolves (D)
  2 crocodiles (D)
  A bullfrog (D)
  2 howler monkeys (D)
  4 orc priests (D)
  2 orc wizards (D)
  An adder (D)
  An adder zombie (D)
  A worm (D)
  6 orcs (D)
  2 goblins (D)
  A hobgoblin (D)
  2 jackals (D)
  A bat (D)
  A rat (D)
67 creatures vanquished.

Notes
Turn   | Place    | Note
-------+----------+-------------------------------------------
     0 | D        | emperorscorpion the Centaur Hunter began the quest for the Orb.
     0 | D        | Reached XP level 1. HP: 17/17 MP: 1/1
     6 | D        | Reached skill level 6 in Bows
   146 | D        | Noticed a howler monkey
   146 | D        | Noticed an ice beast
   146 | D        | Noticed a howler monkey
   154 | D        | Killed a howler monkey
   154 | D        | Reached skill level 1 in Short Blades
   154 | D        | Reached skill level 9 in Bows
   154 | D        | Reached XP level 2. HP: 25/25 MP: 2/2
   154 | D        | Reached XP level 3. HP: 30/30 MP: 3/3
   161 | D        | Killed an ice beast
   161 | D        | Reached skill level 11 in Bows
   161 | D        | Reached skill level 1 in Armour
   161 | D        | Reached XP level 4. HP: 40/40 MP: 4/4
   161 | D        | Reached XP level 5. HP: 46/46 MP: 5/5
   167 | D        | Reached skill level 12 in Bows
   174 | D        | Found a roughly hewn altar of Beogh.
   174 | D        | Found a snail-covered altar of Cheibriados.
   174 | D        | Found a shadowy altar of Dithmenos.
   174 | D        | Found a white marble altar of Elyvilon.
   174 | D        | Found a blossoming altar of Fedhas.
   174 | D        | Found an opulent altar of Gozag.
   175 | D        | Found a hazy altar of Hepliaklqana.
   176 | D        | Found a viscous altar of Jiyva.
   177 | D        | Found an ancient bone altar of Kikubaaqudgha.
   178 | D        | Found a corrupted altar of Lugonu.
   179 | D        | Found a burning altar of Makhleb.
   180 | D        | Found a sparkling altar of Nemelex Xobeh.
   181 | D        | Found an iron altar of Okawaru.
   182 | D        | Found a stormy altar of Qazlal.
   183 | D        | Found a sacrificial altar of Ru.
   184 | D        | Found a deep blue altar of Sif Muna.
   185 | D        | Found a bloodstained altar of Trog.
   186 | D        | Found a hide-covered altar of Uskayaw.
   187 | D        | Found a radiant altar of Vehumet.
   188 | D        | Found an ornate altar of the Wu Jian Council.
   189 | D        | Found a shimmering altar of Xom.
   190 | D        | Found a basalt altar of Yredelemnul.
   191 | D        | Found a glowing silver altar of Zin.
   192 | D        | Found a glowing golden altar of the Shining One.
   194 | D        | Became a worshipper of Trog the Wrathful
   256 | D        | Noticed a wraith
   256 | D        | Noticed a wraith
   256 | D        | Noticed a sky beast
   288 | D        | Reached * piety under Trog
   292 | D        | Killed a wraith
   292 | D        | Reached skill level 5 in Fighting
   292 | D        | Reached skill level 13 in Bows
   292 | D        | Reached XP level 6. HP: 31/56 MP: 6/6
   320 | D        | Killed a wraith
   320 | D        | Reached skill level 5 in Short Blades
   320 | D        | Reached skill level 1 in Stealth
   323 | D        | Killed a sky beast
   323 | D        | Reached ** piety under Trog
   323 | D        | Reached skill level 14 in Bows
   323 | D        | Reached XP level 7. HP: 57/62 MP: 7/7
   376 | D        | Noticed a slime creature
   376 | D        | Noticed a troll
   376 | D        | Noticed a troll
   376 | D        | Noticed a yak
   382 | D        | Killed a slime creature
   409 | D        | Killed a troll
   409 | D        | Reached skill level 15 in Bows
   409 | D        | Reached XP level 8. HP: 47/71 MP: 8/8
   431 | D        | Killed a troll
   431 | D        | Reached *** piety under Trog
   440 | D        | Killed an unseen horror
   440 | D        | Reached skill level 5 in Dodging
   595 | D        | Noticed a four-headed hydra
   595 | D        | Noticed a spiny frog
   596 | D        | Reached XP level 9. HP: 82/82 MP: 9/9
   596 | D        | Reached **** piety under Trog
   596 | D        | Reached skill level 16 in Bows
   596 | D        | Reached skill level 1 in Evocations
   598 | D        | Reached skill level 10 in Short Blades
   599 | D        | Killed a four-headed hydra
   600 | D        | Noticed a polar bear
   603 | D        | Killed a spiny frog
   603 | D        | Received a gift from Trog
   614 | D        | Killed a polar bear
   614 | D        | Reached ***** piety under Trog
   614 | D        | Received a gift from Trog
   629 | D        | Noticed a black mamba
   629 | D        | Noticed a rime drake
   630 | D        | Noticed a rime drake
   632 | D        | Reached skill level 5 in Armour
   632 | D        | Killed a black mamba
   632 | D        | Reached XP level 10. HP: 54/93 MP: 10/12
   633 | D        | Received a gift from Trog
   633 | D        | Reached skill level 10 in Fighting
   648 | D        | Received a gift from Trog
   673 | D        | Received a gift from Trog
   674 | D        | Reached skill level 17 in Bows
   674 | D        | Reached ****** piety under Trog
   675 | D        | Received a gift from Trog
   777 | D        | Noticed Erolcha
   783 | D        | Killed Erolcha
   811 | D        | Noticed a stone giant
   812 | D        | Received a gift from Trog
   922 | D        | Killed a stone giant
   922 | D        | Received a gift from Trog
   922 | D        | Reached skill level 5 in Evocations
   922 | D        | Reached XP level 11. HP: 102/102 MP: 13/15
  1074 | D        | Noticed an orc high priest
  1074 | D        | Noticed an orc sorcerer
  1074 | D        | Noticed an orc knight
  1074 | D        | Noticed an orc high priest
  1076 | D        | Received a gift from Trog
  1077 | D        | Killed an orc high priest
  1077 | D        | Killed an orc sorcerer
  1078 | D        | Noticed a sixfirhy
  1079 | D        | Killed an orc knight
  1091 | D        | Slain by a sixfirhy

Vault maps used:
D:        linesprint

Skill      XL: |  1  2  3  4  5  6  7  8  9 10 11 |
---------------+----------------------------------+-----
Bows           | 9 11 13 14 15 16 17 | 17.6
Short Blades   | 1 3 4 6 7 9 11 13 | 13.6
Dodging        | 2 3 4 5 6 7 |  7.0
Fighting       | 3 5 6 8 9 11 12 | 12.0
Armour         | 1 2 3 4 5 6 |  6.4
Stealth        | 1 2 |  2.3
Evocations     | 2 5 7 |  7.1

Action                   |  1- 3 |  4- 6 |  7- 9 | 10-12 || total
-------------------------+-------+-------+-------+-------++-------
Melee: Short sword       |    28 |     3 |       |       ||    31
       Kick              |     8 |     2 |     7 |     1 ||    18
       Rapier            |       |    11 |    21 |     2 ||    34
 Fire: Shortbow          |       |    17 |    16 |    72 ||   105
       Longbow           |       |       |       |     7 ||     7
Invok: Berserk           |       |     1 |     1 |     1 ||     3
       Trog's Hand       |       |       |     2 |     2 ||     4
Evoke: Wand              |       |       |     2 |     2 ||     4
       Lightning rod     |       |       |     8 |    19 ||    27
  Use: Potion            |     1 |       |       |     2 ||     3
       Scroll            |       |       |       |     1 ||     1
  Eat: Chunk             |       |       |     1 |     3 ||     4
Armor: Leather armour    |     8 |     4 |     3 |       ||    15
       Troll leather arm |       |       |     5 |     2 ||     7
Dodge: Dodged            |     5 |     7 |    16 |     8 ||    36

Table legend:
 A = Spawn XP
 B = Non-spawn XP
 C = Spawn XP percentage of total XP
 D = Spawn monster count
 E = Non-spawn monster count
 F = Spawn count percentage of total count
 G = Total turns spent on level
                    A         B        C        D         E        F      G
               +---------+---------+-------+---------+---------+-------+---------
         Total |       0 |   13568 |   0.0 |       0 |      67 |   0.0 |  1091
               +---------+---------+-------+---------+---------+-------+---------
             D |       0 |   13568 |   0.0 |       0 |      67 |   0.0 |  1091
               +---------+---------+-------+---------+---------+-------+---------
